Map: Ulrena

Players

Miszu - Winner!

  • Race: Terran Terran
  • League: Grandmaster

SpaceMarine

  • Race: Protoss Protoss
  • League: Grandmaster

VOD

Have the link to the VOD?

Description

Time

  • Played on: May 17, 2016, 7:52 a.m.
  • Length: 8:45
Show
View Real Time Build Order
Export as new Build Order

Miszu Terran - Winner!

Build Orders: MMM Bio 

Get SALT Encoding   

  12  0:00  SCV  
  13  0:12  SCV  
  14  0:17  Supply Depot  
  14  0:25  SCV  
  15  0:39  SCV  
  15  0:41  Barracks  
  16  0:51  SCV  
  17  1:03  SCV  
  18  1:14  Command Center  
  19  1:28  Orbital Command  
  19  1:29  Marine  
  19  1:38  Barracks  
  19  1:48  Marine  
  19  1:53  Barracks  
  20  1:56  SCV  
  21  2:06  Marine  
  22  2:13  SCV  
  22  2:14  Bunker  
  23  2:25  Marine x2  
  23  2:26  SCV  
  23  2:28  Orbital Command  
  26  2:35  Engineering Bay  
  26  2:43  Marine x3  
  28  2:49  Refinery  
  28  2:52  Refinery  
  27  3:00  Marine  
  27  3:01  Marine  
  27  3:04  Marine  
  30  3:05  SCV  
  30  3:06  SCV  
  32  3:18  Marine, SCV  
  34  3:21  Bunker  
  34  3:22  Supply Depot  
  34  3:26  Marine  
  35  3:27  Barracks Tech Lab  
  34  3:40  Marine  
  35  3:41  SCV  
  35  3:44  Marine  
  35  3:47  Marine  
  38  3:51  Stimpack  
  38  3:54  SCV x2  
  40  3:58  Marine  
  40  4:01  Marine  
  42  4:04  Marine  
  42  4:06  Factory, SCV x2  
  45  4:10  Supply Depot  
  45  4:13  Engineering Bay  
  45  4:22  Marine  
  46  4:32  Marine x2, SCV x2  
  46  4:33  Supply Depot  
  49  4:44  Marine, SCV x2  
  52  4:47  Terran Infantry Weapons Level 1  
  52  4:49  Marine  
  53  4:54  Marine, Refinery  
  53  4:56  SCV x2  
  56  5:01  Factory Reactor  
  56  5:02  Starport, Marine  
  57  5:08  SCV x2  
  57  5:09  Supply Depot  
  57  5:11  Missile Turret  
  59  5:18  Missile Turret  
  59  5:20  SCV x2  
  61  5:21  Barracks Reactor  
  61  5:28  Barracks Tech Lab  
  61  5:32  SCV x2  
  61  5:34  Supply Depot  
  60  5:44  SCV x2  
  60  5:47  Marauder  
  64  5:52  Combat Shields  
  64  5:53  Factory Reactor  
  64  5:57  SCV x2  
  66  5:58  Medivac  
  66  6:00  Medivac  
  66  6:02  Supply Depot  
  66  6:03  Supply Depot  
  70  6:06  Marine  
  70  6:07  Marauder  
  70  6:09  Marine, SCV x2  
  70  6:10  Marine  
  75  6:21  SCV  
  75  6:22  SCV  
  75  6:24  Marine  
  78  6:28  Medivac  
  78  6:29  Widow Mine x2  
  84  6:34  Supply Depot  
  84  6:37  Supply Depot  
  84  6:41  Marine x2, Marauder  
  84  6:43  Terran Infantry Armor Level 1  
  88  6:50  Marine  
  89  6:57  Widow Mine x2  
  93  7:03  Marine x2, Medivac  
  97  7:08  Supply Depot  
  97  7:09  Supply Depot  
  97  7:18  Marauder  
  98  7:23  Command Center  
  95  7:31  Marine, Marauder  
  95  7:40  Marauder  
  95  7:44  Marine  
  98  7:48  Marine  
  97  7:52  Marauder  
  97  7:57  Widow Mine  
  97  7:58  Medivac x2  
  105  8:00  Marine  
  105  8:01  Marine  
  95  8:14  Marauder  
  95  8:18  Marine  
  95  8:19  Marine, Marauder  
Show
View Real Time Build Order
Export as new Build Order

SpaceMarine Protoss 

Build Orders: Phoenix Opening 

Get SALT Encoding   

  12  0:01  Probe (Chrono Boost)  
  13  0:11  Probe (Chrono Boost)  
  14  0:18  Pylon  
  14  0:22  Probe (Chrono Boost)  
  15  0:37  Probe (Chrono Boost)  
  15  0:38  Gateway  
  15  0:42  Assimilator  
  16  0:47  Probe (Chrono Boost)  
  17  0:54  Assimilator  
  17  0:58  Probe (Chrono Boost)  
  18  1:08  Probe (Chrono Boost)  
  19  1:19  Probe (Chrono Boost)  
  19  1:25  Cybernetics Core  
  20  1:29  Probe (Chrono Boost)  
  20  1:31  Pylon  
  21  1:41  Probe (Chrono Boost)  
  22  1:52  Probe (Chrono Boost)  
  23  2:02  Warp Gate  
  23  2:03  Mothership Core (Chrono Boost)  
  23  2:04  Adept  
  27  2:13  Stargate  
  27  2:22  Probe (Chrono Boost)  
  28  2:23  Pylon  
  28  2:44  Probe (Chrono Boost)  
  29  2:55  Probe (Chrono Boost)  
  29  2:57  Phoenix (Chrono Boost)  
  32  3:06  Nexus, Probe  
  33  3:19  Phoenix (Chrono Boost)  
  35  3:24  Probe  
  36  3:36  Probe  
  35  3:53  Probe, Phoenix (Chrono Boost)  
  38  3:56  Gateway  
  38  3:58  Gateway  
  38  4:05  Probe  
  39  4:18  Sentry, Phoenix (Chrono Boost), Probe  
  39  4:20  Probe  
  39  4:23  Pylon  
  45  4:30  Forge, Probe  
  46  4:32  Probe  
  47  4:40  Phoenix (Chrono Boost)  
  47  4:43  Probe x2  
  47  4:45  Adept  
  53  4:51  Assimilator  
  53  4:52  Assimilator  
  53  4:53  Probe  
  53  4:55  Protoss Ground Weapons Level 1 (Chrono Boost), Probe  
  55  5:01  Phoenix (Chrono Boost)  
  55  5:04  Probe  
  55  5:06  Twilight Council  
  58  5:11  Probe  
  58  5:14  Adept  
  61  5:20  Probe  
  61  5:23  Pylon  
  61  5:28  Pylon  
  62  5:46  Probe x2  
  62  5:47  Adept x2  
  62  5:48  Adept  
  62  5:49  Resonating Glaives (Chrono Boost)  
  70  5:59  Gateway  
  70  6:00  Gateway  
  70  6:01  Gateway x2  
  70  6:08  Adept x2  
  70  6:09  Adept  
  76  6:12  Pylon  
  76  6:30  Pylon  
  76  6:31  Adept x3  
  82  6:36  Templar Archives  
  82  6:58  Adept x2  
  82  6:59  Adept x4  
  94  7:03  Pylon  
  94  7:04  Pylon  
  94  7:06  Psionic Storm  
  94  7:35  High Templar x3  
  58  8:20  Adept x7  
  65  8:32  Archon  
Tags
 
Add a new tag
Caveats
  • Supply blocks, unpowered buildings, or Contaminate may cause inaccurate times.
  • Supply counts are checked every 10 seconds.